 Dungeon Crawl Stone Soup version 0.27-a0-1147-gb3d8e82157 (webtiles) character file.

Game seed: 11713925086591112995

75 st0uf the Digger (level 4, -4/24 HPs)
             Began as a Gargoyle Earth Elementalist on May 11, 2021.
             Killed from afar by Terence (6 damage)
             ... with a puff of flame
             ... on level 2 of the Dungeon.
             The game lasted 00:05:54 (2343 turns).

st0uf the Digger (Gargoyle Earth Elementalist)      Turns: 2343, Time: 00:05:55

Health: -4/24      AC:  6    Str: 11    XL:     4   Next: 31%
Magic:  5/7        EV: 16    Int: 17    God:
Gold:   80         SH:  0    Dex: 10    Spells: 6/7 levels left

rFire    . . .     SeeInvis .   d - +2 dagger (venom)
rCold    . . .     Faith    .   (no shield)
rNeg     + + .     Spirit   .   i - +1 robe {Will+}
rPois    ∞         Reflect  .   (no helmet)
rElec    +         Harm     .   (no cloak)
rCorr    .         Rampage  .   (no gloves)
Will     +....                  (no boots)
Stlth    ++........             (no amulet)
HPRegen  0.08/turn              j - +4 ring of evasion
MPRegen  0.10/turn              n - ring of positive energy

@: no status effects
A: sickness immunity, AC +3, negative energy resistance 1, electricity
resistance, torment resistance 1, petrification resistance
a: no special abilities


You were on level 2 of the Dungeon.
You visited 1 branch of the dungeon, and saw 3 of its levels.

You collected 80 gold pieces.

Inventory:

Hand Weapons
 d - a +2 dagger of venom (weapon)
 f - a +0 dagger of electrocution
Missiles
 b - 32 stones
Armour
 i - a +1 robe of willpower (worn)
 l - a +0 kite shield
Jewellery
 j - a +4 ring of evasion (left hand)
 n - a ring of positive energy (right hand)
Wands
 o - a wand of flame (13)
Scrolls
 a - a scroll of identify
 c - a scroll of immolation {unknown}
 h - a scroll of fog {unknown}
 m - a scroll of teleportation {unknown}
Potions
 e - 3 potions of haste {unknown}
 g - 2 potions of mutation
 k - a potion of brilliance {unknown}


   Skills:
 + Level 1.2 Armour
 + Level 1.9 Dodging
 + Level 2.7 Stealth
 + Level 2.3 Spellcasting
 + Level 1.4 Transmutations
 * Level 4.5 Earth Magic


You had 6 spell levels left.
You knew the following spells:

 Your Spells              Type           Power      Damage    Failure   Level
a - Sandblast             Erth           34%        2d9       3%          1

Your spell library contained the following spells:

 Spells                   Type           Power      Damage    Failure   Level
 Passwall                 Tmut/Erth      10%        N/A       9%          2
 Stone Arrow              Conj/Erth      18%        3d8       22%         3
 Petrify                  Tmut/Erth      12%        N/A       50%         4
 Lee's Rapid Deconstruct  Erth           8%         3d8*      63%         5


Dungeon Overview and Level Annotations

Branches:
Dungeon (3/15)

Altars:

Annotations:
D:2 Terence


Innate Abilities, Weirdness & Mutations

You are immune to sickness and miasma.
Your stone body is resilient. (AC +3)
You are immune to poison.
You resist negative energy. (rN+)
You are resistant to electric shocks. (rElec)
You are resistant to unholy torment.
You are immune to petrification.


Message History

The kobold throws a stone.
The stone closely misses you.
You see here a rat corpse.
Terence the Incautious comes into view.
He is wielding a +0 mace and carrying a wand of flame (27).
The kobold misses you.
Terence shouts!
You hit the kobold.
You kill the kobold!
Things that are here:
a +0 club; 2 stones; a wand of flame (13)
o - a wand of flame (13)
The kobold shouts!
You hear a shout!
Found 14 gold pieces.
A kobold comes into view. It is wielding a +0 dagger.
There is a stone staircase leading up here.
Terence misses you.
You climb upwards.
There is a stone staircase leading down here.
You barely miss Terence. Terence hits you with a +0 mace.
Terence hits you with a +0 mace.
Casting: Sandblast (safe; 3% risk of failure)
Confirm with . or Enter, or press ? or * to list all spells.
Aiming: Sandblast (safe; 3% risk of failure)
Press: ? - help, Shift-Dir - straight line, f - Terence
Aim: Terence, wielding a +0 mace, wearing a +0 scale mail and carrying a wand of flame (27) (82% to hit)
The blast of sand hits Terence but does no damage.
Terence hits you with a +0 mace.
Casting: Sandblast (safe; 3% risk of failure)
Confirm with . or Enter, or press ? or * to list all spells.
Aiming: Sandblast (safe; 3% risk of failure)
Press: ? - help, Shift-Dir - straight line, f/p - Terence
Aim: Terence, wielding a +0 mace, wearing a +0 scale mail and carrying a wand of flame (27) (82% to hit)
The blast of sand hits Terence.
Terence is lightly wounded.
Terence hits you with a +0 mace!
* * * LOW HITPOINT WARNING * * *
As you read the scroll labelled JIESAPUTEY, it crumbles to dust.
It is a scroll of identify.
g - 2 potions of mutation Terence zaps a wand.
The puff of flame hits you.
You die...

#.......##.######........#
#.......##.# ####.###.#
####.......##.# #.# #.#
...........##.#########.#
#.#
####.......##...........#
#.# #.......##############
#.# #.......# #.#
####.......######## #.#
................@># #.#
##.#.......######@# #.#
#.####.#.## #.# #.# #.#
#.#.# #.# #.# #.# #.#.#
#.# #.#
##.####.#.#######.# #.#
........#.........#
#####.###
##.################
#.......# ##.# #########
#.###.#.#


You could see Terence.

Vanquished Creatures
  An adder (D:2)
  A white imp (D:3)
  3 worms
  A dart slug (D:1)
  2 endoplasms
  2 giant cockroaches
  4 goblins
  4 hobgoblins
  11 jackals (D:1)
  4 quokkas
  3 ball pythons
  2 bats (D:1)
  3 kobolds
  2 rats
43 creatures vanquished.

Notes
Turn   | Place    | Note
-------+----------+-------------------------------------------
     0 | D:1      | st0uf the Gargoyle Earth Elementalist began the quest for
                  | the Orb.
     0 | D:1      | Reached XP level 1. HP: 10/10 MP: 3/3
   127 | D:1      | Reached XP level 2. HP: 11/15 MP: 3/5
   132 | D:1      | Reached skill level 1 in Transmutations
   213 | D:1      | Reached skill level 4 in Earth Magic
   306 | D:1      | Found a faded altar of an unknown god.
   569 | D:1      | Reached XP level 3. HP: 18/19 MP: 4/6
  1923 | D:2      | Reached skill level 1 in Armour
  1923 | D:2      | Reached XP level 4. HP: 24/24 MP: 7/7
  2331 | D:3      | Noticed Terence
  2343 | D:2      | Killed from afar by Terence

Illustrated notes

Levels and vault maps discovered:
D:1:      lemuel_arrival_room, layout_basic, ebering_ecumenical_altar_webs,
          supply_closet_lemuel, serial_bayou_pond_c, hangedman_glass_teeth,
          chequers_serial_rivers_micro_a
D:2:      layout_basic
D:3:      layout_rooms, lemuel_crystal_altar, uniq_terence

Skill      XL: |  1  2  3 |
---------------+----------+-----
Transmutations | 1 |  1.4
Earth Magic    | 4 |  4.5
Armour         | 1 |  1.2
Dodging        | |  1.9
Stealth        | |  2.7
Spellcasting   | |  2.3

Action                   |  1- 3 |  4- 6 || total
-------------------------+-------+-------++-------
Melee: Dagger            |    80 |    17 ||    97
       Unarmed           |     1 |       ||     1
 Cast: Sandblast         |    18 |     6 ||    24
  Use: Scroll            |       |     1 ||     1
 Stab: Held in net/web   |     2 |       ||     2
       Sleeping          |     1 |     2 ||     3
Armor: Robe              |    24 |     3 ||    27
Dodge: Dodged            |    71 |    14 ||    85

Table legend: (Time is in decaauts)
 A = Elapsed time spent in this place.
 B = Non-inter-level travel time spent in this place.
 C = Inter-level travel time spent in this place.
 D = Time resting spent in this place.
 E = Time spent auto-exploring this place.
 F = Levels seen in this place.
 G = Mean time per level.
                   A        B        C        D        E       F      G
               +--------+--------+--------+--------+--------+-----+--------+
         Total |   2344 |   2298 |     46 |    415 |   1546 |   3 |  781.3 |
       Dungeon |   2344 |   2298 |     46 |    415 |   1546 |   3 |  781.3 |
               +--------+--------+--------+--------+--------+-----+--------+

Top non-repeatable levels by time:
     D:2: 1197 daAuts
     D:1: 1026 daAuts
     D:3: 120 daAuts
